Workbook
Name a: [1]Compra_54MOD!#REF!
Name a: [1]Compra_54MOD!#REF!
Name CALPH: [2]SHEET1!$M$1:$M$4
Name CBNPR: [2]SHEET1!$X$1:$X$4
Name CDCTO: [2]SHEET1!$B$1:$B$4
Name CDOCO: [2]SHEET1!$C$1:$C$4
Name CDSC1: [2]SHEET1!$E$1:$E$4
Name CDSC2: [2]SHEET1!$F$1:$F$4
Name CKCOO: [2]SHEET1!$A$1:$A$4
Name CPDDJ: [2]SHEET1!$S$1:$S$4
Name CPRRC: [2]SHEET1!$Q$1:$Q$4
Name CPTC: [2]SHEET1!$W$1:$W$4
Name CUM: [2]SHEET1!$G$1:$G$4
Name CUORG: [2]SHEET1!$I$1:$I$4
Name pag_2: [3]Compra_5!$B$69
Name pag_3: [3]Compra_5!$B$132
Name total: [4]OC215!#REF!
Name total: [4]OC215!#REF!
Name total1: [3]Compra_1!$I$311
Name total10: [3]Compra_10!$I$59
Name total100: [4]OC215!#REF!
Name total100: [4]OC215!#REF!
Name total11: [3]Compra_11!$I$161
Name total12: [3]Compra_12!$I$36
Name total13: [3]Compra_13!$I$36
Name total14: [3]Compra_14!$I$32
Name total15: [3]Compra_15!$I$33
Name total16: [5]Compra_16!$I$33
Name total17: [5]Compra_17!$I$47
Name total18: [5]Compra_18!$I$44
Name total19: [5]Compra_19!$I$58
Name total1AMP: [3]Compra_1AMP!$I$36
Name total1MOD: [3]Compra_1MOD!$G$141
Name total2: [3]Compra_2!$I$53
Name total20: [5]Compra_20!$I$34
Name total21: [5]Compra_21!$I$35
Name total22: [5]Compra_22!$I$106
Name total23: [5]Compra_23!$I$101
Name total24: [5]Compra_24!$I$102
Name total25: [5]Compra_25!$I$36
Name total26: [5]Compra_26!$I$102
Name total27: [5]Compra_27!$I$105
Name total28: [5]Compra_28!$I$101
Name total29: [5]Compra_29!$I$106
Name total3: [3]Compra_3!$I$50
Name total30: [5]Compra_30!$I$105
Name total31: [6]Compra_31!$I$102
Name total32: [6]Compra_32!$I$105
Name total33: [6]Compra_33!$I$106
Name total34: [6]Compra_34!$I$46
Name total35: [6]Compra_35!$I$33
Name total36: [6]Compra_36!$I$33
Name total37: [6]Compra_37!$I$47
Name total38: [6]Compra_38!$I$45
Name total39: [6]Compra_39!$I$45
Name total4: [3]Compra_4!$I$33
Name total40: [6]Compra_40!$I$40
Name total41: [6]Compra_41!$I$45
Name total42: [6]Compra_42!$I$46
Name total43: [6]Compra_43!$I$46

Sheet CONSOLIDADO
E1: PLANTILLA DE PRESUPUESTO
K3: RV.00
K4: Fecha de versión
A5: Obra: Defensas Ribereñas Río Lacramarca
A6: Dirección: Nuevo Chimbote - Ancash
A7: DATOS DEL OFERTANTE:
A8: Razon Social: | D8: MIRANDA & AMADO ABOGADOS S.CIVIL DE R.L.
A9: Domicilio: | D9: Av. Larco 1301, Piso 20, Miraflores - Lima
A10: Teléfono/Fax: | D10: 6104747
A11: Contacto: | D11: jmazure@mafirma.com.pe
K12: FECHA LIMITE ENTREGA OFERTA: | L12: 44868
A13: ITEM | B13: U/M | C13: CANTIDAD | E13: DESCRIPCIÓN | K13: Prec. Unit. | L13: Prec. Total
A14: PLAN DE BUENA VECINDAD Y RELACIONES PÚBLICAS
C15: =SUM(DETALLADO!C16:C20) -> 874 | E15: =DETALLADO!E15 -> INFORMES, REPORTES Y HERRAMIENTAS | L15: =M15*DETALLADO!M33 -> 1936823.4 | M15: =SUM(DETALLADO!L16:L20) -> 1683500
C16: =SUM(DETALLADO!C22:C23) -> 4 | E16: =DETALLADO!E21 -> ENTREGABLES ÚNICOS(***) | L16: =M16*DETALLADO!M33 -> 264609.08 | M16: =SUM(DETALLADO!L22:L23) -> 230000
C17: =SUM(DETALLADO!C25:C26) -> 133 | E17: =DETALLADO!E24 -> ENTREGABLES RECURRENTES | L17: =M17*DETALLADO!M33 -> 190403.49 | M17: =SUM(DETALLADO!L25:L26) -> 165500
C18: =SUM(DETALLADO!C28:C31) -> 103 | E18: =DETALLADO!E27 -> ENTREGABLES COMUNICADOR | L18: =M18*DETALLADO!M33 -> 416471.69 | M18: =SUM(DETALLADO!L28:L31) -> 362000
A19: SUB TOTAL | L19: =SUM(L15:L18) -> 2808307.7
A20: IGV | K20: 0.18 | L20: =IF(L19="","",+L19*K20) -> 505495.38
A21: TOTAL | L21: =L19+L20 -> 3313803.1
E23: CONDICIONES GENERALES:
E24: DESCRIPCION | H24: COTIZADO
E25: FORMA DE PAGO | H25: Transferencia Bancaria
E26: MONEDA | H26: Soles
E27: ANTICIPO | H27: No se requiere anticipo
E28: PLAZO DE EJECUCION TRABAJOS EN OBRA (DIAS) | H28: 760 días (25 meses)
E29: FIANZA DE FIEL CUMPLIMIENTO (10%) | H29: =L21/10 -> 331380.31
E30: RETENCION POR GARANTIA (5%) | H30: =(L21/25)*0.05 -> 6627.6062

Sheet DETALLADO
E1: PLANTILLA DE PRESUPUESTO
K3: RV.00
K4: Fecha de versión
A5: Obra: Defensas Ribereñas Río Lacramarca
A6: Dirección: Nuevo Chimbote - Ancash
A7: DATOS DEL OFERTANTE:
A8: Razón Social: | D8: MIRANDA & AMADO ABOGADOS S.CIVIL DE R.L.
A9: Domicilio: | D9: Av. Larco 1301, Piso 20, Miraflores - Lima
A10: Teléfono/Fax: | D10: 6104747
A11: Contacto: | D11: jmazure@mafirma.com.pe
K12: FECHA LIMITE ENTREGA OFERTA: | L12: 44868
A13: ITEM | B13: U/M | C13: CANTIDAD | E13: DESCRIPCION | K13: Precio. Unit. | L13: Prec. Total
A14: PLAN DE BUENA VECINDAD Y RELACIONES PÚBLICAS(*)
E15: INFORMES, REPORTES Y HERRAMIENTAS
C16: 25 | E16: Informes mensuales sobre el desarrollo de actividades (Plan de Buena Vecindad y las Relaciones Públicas, aprobado por la ARCC) - Esto incluye informes de conflictos y situaciones de crisis, en caso aplique | K16: 40000 | L16: =+K16*C16 -> 1000000
C17: 750 | E17: Reportes diarios de desarrollo de actividades | K17: 450 | L17: =+K17*C17 -> 337500
C18: 49 | E18: Matriz de conflictos (cada 15 días)(**) A partir de la segunda quincena | K18: 4000 | L18: =+K18*C18 -> 196000
C19: 25 | E19: Actualización matriz de riesgos sociales: Esta entrega se hará de manera mensual, sin embargo, es modificable, de acuerdo con la demanda del proyecto | K19: 4000 | L19: =+K19*C19 -> 100000
C20: 25 | E20: Planifcador mensual de actividades | K20: 2000 | L20: =+K20*C20 -> 50000
E21: ENTREGABLES ÚNICOS(***)
C22: 2 | E22: Plan de Trabajo (Ejes de Trabajo, Lineamientos, Estrategias, Cronograma): 25 días desde the kick off meeting | K22: 35000 | L22: =+K22*C22 -> 70000
C23: 2 | E23: Informe Final de la implementación y ejecución del Plan de la Buena Vecindad y Relaciones Públicas y la Resolución de Aprobación o Informe Técnico de Aprobación por parte de la ARCC | K23: 80000 | L23: =+K23*C23 -> 160000
E24: ENTREGABLES RECURRENTES
C25: 108 | E25: Reporte de acciones previstas por semana | K25: 1000 | L25: =+K25*C25 -> 108000
C26: 25 | E26: Envío mensual de la ejecución presupuestaria (anexado al reporte mensual), donde se detalle los gastos realizados por la implementación de los programas o iniciativas sociales. | K26: 2300 | L26: =+K26*C26 -> 57500
E27: ENTREGABLES COMUNICADOR
C28: 49 | E28: Mapa de actores (Influencia / poder)_Cada 15 días - Incluye matrices de poder-interés* | K28: 4000 | L28: =+K28*C28 -> 196000
C29: 25 | E29: Plan de comunicación según el mapa de actores | K29: 4000 | L29: =+K29*C29 -> 100000
C30: 4 | E30: Agenda social del territorio (Aniversarios, fechas cívicas, fiestas, elecciones, etc.) - Cada 6 meses | K30: 4000 | L30: =+K30*C30 -> 16000
C31: 25 | E31: Registro histórico fotográfico y videográfico. | K31: 2000 | L31: =+K31*C31 -> 50000
A32: COSTO DIRECTO | L32: =SUM(L16:L31) -> 2441000 | M32: 1260117
B33: GLB | C33: 1 | D33: GASTOS GENERALES | L33: =N33*25 -> 138076.92 | M33: =L35/L32 -> 1.1504743 | N33: 5523.0769 | P33: =L34/L35 -> 0.081625945
B34: GLB | C34: 1 | D34: UTILIDADES | L34: =N34*25 -> 229230.77 | N34: 9169.2308 | P34: =L33/L35 -> 0.049167306
A35: SUB TOTAL | L35: =L32+L33+L34 -> 2808307.7
A36: IGV | K36: 0.18 | L36: =IF(L35="","",+L35*K36) -> 505495.38
A37: IMPORTE TOTAL | L37: =IF(L36="","",+L36+L35) -> 3313803.1
E39: CONDICIONES GENERALES:
E40: DESCRIPCION | H40: OFERTADO
E41: FORMA DE PAGO | H41: Transferencia Bancaria
E42: MONEDA | H42: Soles
E43: ANTICIPO | H43: No se requiere anticipo
E44: PLAZO DE EJECUCION TRABAJOS EN OBRA (DIAS) | H44: 760 días (25 meses)
E45: FIANZA DE FIEL CUMPLIMIENTO (10%) | H45: =L37/10 -> 331380.31
E46: RETENCION POR GARANTIA (5%) | H46: =(L37/25)*0.05 -> 6627.6062
A48: (*) Para la elaboración de la presente propuesta se han considerado que la cantidad de entregables consignados en la columna "C" será el mínimo requerido por OHLA durante el plazo de los Servicios. En caso dicho número de entregables varíe, la presente propuesta deberá ser revisada y debidamente actualizada.
A49: (**) La matriz de conflictos y el mapa de actores se presentarán a partir de la segunda quincena. Ello, debido a que la primera semana de trabajo será para la movilización del equipo a campo.
A50: (***) Se consideran estos dos (2) documentos con frecuencia anual. El Plan de Trabajo se presentará al final del Mes 1 y al final del Mes 13. Por su parte, el Informe Anual Final se presentará al final del Mes 13 y al final del Mes 25.
